 Dungeon Crawl Stone Soup version 0.29.0-4-gdea44cf6ec (webtiles) character file.

Game seed: 15357285664521090996

37 qw the Chopper (level 3, -3/31 HPs)
             Began as a Minotaur Berserker on Sept 9, 2022.
             Was a Believer of Trog.
             Killed from afar by Jessica (11 damage)
             ... with a bolt of light
             ... on level 2 of the Dungeon.
             The game lasted 00:00:27 (1552 turns).

qw the Chopper (Minotaur Berserker)                 Turns: 1552, Time: 00:00:28

Health: -3/31      AC:  3    Str: 23    XL:     3   Next: 23%
Magic:  2/2        EV: 11    Int:  4    God:    Trog [**....]
Gold:   18         SH:  0    Dex:  9    Spells: 2/2 levels left

rFire   . . .      SeeInvis .   Y - +0 war axe
rCold   . . .      Faith    .   (no shield)
rNeg    . . .      Spirit   .   f - +0 leather armour
rPois   .          Reflect  .   (helmet restricted)
rElec   .          Harm     .   (no cloak)
rCorr   .          Rampage  .   (no gloves)
Will    .....                   (no boots)
Stlth   ..........              (no amulet)
HPRegen 0.10/turn               (no ring)
MPRegen 0.08/turn               (no ring)

@: confused, on berserk cooldown, slowed, very slow
A: horns 2, retaliatory headbutt
a: Renounce Religion, Berserk, Trog's Hand


You were on level 2 of the Dungeon.
You worshipped Trog.
Trog was pleased with you.
You visited 1 branch of the dungeon, and saw 2 of its levels.

You collected 99 gold pieces.
You spent 81 gold pieces at shops.


Innate Abilities, Weirdness & Mutations

You have a pair of horns on your head.
You reflexively headbutt those who attack you in melee.


   Skills:
 - Level 3.6 Fighting
 + Level 5.3 Axes
 - Level 2.4 Armour
 - Level 2.1 Dodging


You had 2 spell levels left.
You didn't know any spells.
Your spell library was empty.

Inventory:

Hand Weapons
 j - a +0 mace
 Y - a +0 war axe (weapon)
Armour
 f - a +0 leather armour (worn)
Scrolls
 i - a scroll of enchant armour
Potions
 c - a potion of brilliance {unknown}
 d - a potion of attraction {unknown}
 h - a potion of mutation {unknown}
 l - 2 potions of heal wounds
 o - a potion of curing

Dungeon Overview and Level Annotations

Branches:
Dungeon (2/15)

Altars:

Shops:
D:1 *

Annotations:
D:2 Jessica


Message History

You kill the worm!
Trog accepts your kill.
You start resting.
You feel a strong urge to attack something.
You feel your anger nearly subside.
You are no longer berserk.
You are exhausted.
You feel yourself slow down.
You feel yourself speed up.
You recover from your berserk rage.
HP restored.
Found a book of Displacement.
Jessica and a rat come into view.
Jessica is wielding a +0 dagger and carrying a wand of light (4).
Found a dagger.
Enter note:
1541 ||| Stepping ~*~*~tactically~*~*~ (hiding).
1543 ||| Stepping ~*~*~tactically~*~*~ (hiding).
1544 ||| Stepping ~*~*~tactically~*~*~ (hiding).
The rat bites you.
Jessica zaps a wand.
The bolt of light hits you!!
Ouch! That really hurt!
1547 ||| INVOKING Berserk.
A red film seems to cover your vision as you go berserk!
You feel yourself moving faster!
You feel mighty! The rat bites you. Jessica gestures at you while chanting.
You resist with some effort.
You slash the rat!
You kill the rat!
Trog accepts your kill.
Jessica casts a spell.
Jessica blinks!
You start resting.
You feel a strong urge to attack something.
Jessica is nearby!
You feel your anger nearly subside.
You are no longer berserk.
You are exhausted.
You feel yourself slow down.
Jessica zaps a wand.
The bolt of light hits you!
You are confused.
You die...

..#.###...#
..#.....#.# ....#
#######.#.# ....# #
#.#.# .)..# # #.#...
...@# # #.#..:####
....# # #<#..#...#
....# #
#.#..##..##....+
#>#..##...@....#
#######.#..##.##.....#
......#.#..##.##.#####
#####.#.#.....#...
......#.#.#####....
#######.#.# #.....
....# #.# #.#####
##..# #.# #. ....# #.#


You could see Jessica.

Vanquished Creatures
  A worm (D:2)
  2 dart slugs (D:2)
  6 endoplasms (D:1)
  A giant cockroach (D:1)
  2 goblins (D:1)
  3 hobgoblins
  A quokka (D:1)
  2 ball pythons
  3 frilled lizards (D:1)
  A kobold (D:2)
  8 rats
30 creatures vanquished.

Notes
Turn   | Place    | Note
-------+----------+-------------------------------------------
     0 | D:1      | qw the Minotaur Berserker began the quest for the Orb.
     0 | D:1      | Reached XP level 1. HP: 19/19 MP: 0/0
     0 | D:1      | 0 ||| qw: Version: 0.1-a-113-g051387a
     0 | D:1      | 0 ||| qw: Game counter: 7246
     0 | D:1      | 0 ||| qw: Always use a shield: true
     0 | D:1      | 0 ||| qw: Do Orc after D:15 true
     0 | D:1      | 0 ||| qw: Do second Lair branch before Depths: true
     0 | D:1      | 0 ||| qw: Lair rune preference: random
     0 | D:1      | 0 ||| qw: Plans: Normal
     0 | D:1      | 0 ||| PLANNING D:1-11
     2 | D:1      | Noticed a tengu
     2 | D:1      | Noticed an ogre
     4 | D:1      | Noticed a minotaur
     6 | D:1      | Noticed a demigod
     6 | D:1      | Noticed a palentonga
     8 | D:1      | Noticed a spriggan
     8 | D:1      | Noticed an elf
    12 | D:1      | Noticed a human
    12 | D:1      | Noticed an octopode
    14 | D:1      | Noticed a felid
    14 | D:1      | Noticed a merfolk
    16 | D:1      | Noticed a demonspawn
    16 | D:1      | Noticed a troll
    18 | D:1      | Noticed a ghoul
    18 | D:1      | Noticed a vampire
    20 | D:1      | Noticed a vine stalker
    20 | D:1      | Noticed a gargoyle
    22 | D:1      | Noticed a draconian
    22 | D:1      | Noticed a meteoran
    24 | D:1      | Noticed a naga
    24 | D:1      | Noticed a formicid
    26 | D:1      | Noticed a human
    26 | D:1      | Noticed a formicid
   111 | D:1      | Reached skill level 4 in Axes
   209 | D:1      | 209 ||| Stepping ~*~*~tactically~*~*~ (stealth).
   330 | D:1      | 330 ||| SWAPPING to +0 war axe.
   334 | D:1      | Reached XP level 2. HP: 23/26 MP: 1/1
   366 | D:1      | 366 ||| DROPPING +0 hand axe.
   487 | D:1      | Found a faded altar of an unknown god.
   767 | D:1      | Found Estrusun's Assorted Antiques.
   776 | D:1      | 776 ||| BUYING scroll labelled FUPTITE ERPHECH (27 gold).
   776 | D:1      | Bought a scroll labelled FUPTITE ERPHECH for 27 gold pieces
   776 | D:1      | 776 ||| BUYING scroll labelled HAIRGH OXUARE (27 gold).
   776 | D:1      | Bought a scroll labelled HAIRGH OXUARE for 27 gold pieces
   776 | D:1      | 776 ||| BUYING scroll labelled IHUUSU JITHRE (27 gold).
   776 | D:1      | Bought a scroll labelled IHUUSU JITHRE for 27 gold pieces
   776 | D:1      | 776 ||| SHOPLISTING scroll labelled IZIDGHU ZAF PUY (27
                  | gold, have 18).
   776 | D:1      | 776 ||| SHOPLISTING scroll labelled MUACRE GYBASO (27 gold,
                  | have 18).
   776 | D:1      | 776 ||| SHOPLISTING scroll labelled SECOM XADA (27 gold,
                  | have 18).
   907 | D:1      | 907 ||| UPGRADING to +0 leather armour.
   917 | D:1      | 917 ||| DROPPING +0 animal skin.
   918 | D:1      | 918 ||| READING scroll labelled MISHREIMIAT.
  1063 | D:1      | 1063 ||| READING scroll labelled DYAMIEH ULIWA.
  1064 | D:1      | 1064 ||| READING 2 scrolls labelled HAIRGH OXUARE.
  1065 | D:1      | 1065 ||| READING scroll labelled IZIDGHU ZAF PUY.
  1066 | D:1      | 1066 ||| READING scroll labelled FUPTITE ERPHECH.
  1067 | D:1      | 1067 ||| READING scroll labelled IHUUSU JITHRE.
  1068 | D:1      | 1068 ||| DRINKING 2 coppery potions.
  1069 | D:1      | 1069 ||| DRINKING 2 amethyst potions.
  1179 | D:2      | Reached skill level 5 in Axes
  1236 | D:2      | Reached ** piety under Trog
  1237 | D:2      | Reached XP level 3. HP: 28/31 MP: 2/2
  1420 | D:2      | 1420 ||| INVOKING Berserk.
  1540 | D:2      | Noticed Jessica
  1541 | D:2      | 1541 ||| Stepping ~*~*~tactically~*~*~ (hiding).
  1543 | D:2      | 1543 ||| Stepping ~*~*~tactically~*~*~ (hiding).
  1544 | D:2      | 1544 ||| Stepping ~*~*~tactically~*~*~ (hiding).
  1547 | D:2      | 1547 ||| INVOKING Berserk.
  1547 | D:2      | HP: 11/46 [rat (1)]
  1552 | D:2      | Killed from afar by Jessica

Levels and vault maps discovered:
D:1:      kb_arrival_jail, layout_basic, serial_shops, shop,
          hellmonk_ecumenical_altar_run_dry
D:2:      layout_basic, uniq_jessica

Skill      XL: |  1  2 |
---------------+-------+-----
Axes           | 4 5 |  5.3
Fighting       | |  3.6
Armour         | |  2.4
Dodging        | |  2.1

Action                   || total
-------------------------++-------
Melee: Hand axe          ||    18
       War axe           ||    34
       Headbutt          ||     4
       Punch             ||     1
Invok: Berserk           ||     2
  Use: Scroll            ||     6
       Potion            ||     2
Armor: Animal skin       ||     2
       Leather armour    ||     4
Dodge: Dodged            ||    17

Table legend:
 A = Non-vault XP
 B = Vault XP
 C = Vault XP percentage of total XP
 D = Non-vault monster count
 E = Vault monster count
 F = Vault count percentage of total count
                 A         B        C        D         E       F
            +---------+---------+-------+---------+---------+-------
      Total |      54 |       0 |   0.0 |      30 |       0 |   0.0
            +---------+---------+-------+---------+---------+-------
        D:1 |      31 |       0 |   0.0 |      20 |       0 |   0.0
        D:2 |      23 |       0 |   0.0 |      10 |       0 |   0.0
            +---------+---------+-------+---------+---------+-------
